 Dungeon Crawl Stone Soup version 0.31.0-11-ge490571c62 (webtiles) character file.

Game seed: 1705584936252112673

3431 Amaterasu the Basher (level 9, -2/97 HPs)
             Began as a Troll Shapeshifter on Jan 28, 2024.
             Was a Follower of Vehumet.
             Slain by a two-headed ogre
             ... wielding a +0 giant club
              (25 damage)
             ... on level 7 of the Dungeon.
             The game lasted 00:14:07 (4934 turns).

Amaterasu the Basher (Troll Shapeshifter)           Turns: 4934, Time: 00:14:07

Health: -2/97      AC: 11    Str: 28    XL:     9   Next: 77%
Magic:  11/11      EV:  9    Int:  6    God:    Vehumet [*.....]
Gold:   309        SH:  0    Dex:  7    Spells: 12/14 levels left

rFire   . . .        v - +2 dire flail (protect)
rCold   + . .        (shield currently unavailable)
rNeg    + . .        x - +0 robe {rN+}
rPois   .            (helmet currently unavailable)
rElec   .            (cloak currently unavailable)
rCorr   .            (gloves unavailable)
SInv    .            (boots unavailable)
Will    .....        i - amulet of regeneration
Stlth   +            A - ring of wizardry
HPRegen 1.96/turn    p - ring of protection from cold
MPRegen 0.12/turn

%: wizardry (x1)
@: beast-form, under a protective aura
A: beast (slay +3), large, unfitting armour, claws 3, regeneration 1, shaggy fur
1, tough skin 1, clumsy 1, low MP 1, robust 1, wild magic 1
a: Begin Untransformation, Renounce Religion


You were on level 7 of the Dungeon.
You worshipped Vehumet.
Vehumet was aware of your devotion.
You were a hulking beast.
You visited 2 branches of the dungeon, and saw 8 of its levels.

You collected 309 gold pieces.

Inventory:

Hand Weapons
 n - a +2 whip of draining
 r - a +0 giant club
 v - a +2 dire flail of protection (weapon)
 w - a +2 vampiric whip
Armour
 x - a +0 robe of positive energy (worn)
Jewellery
 a - a +6 ring of strength
 g - a +6 ring of strength
 i - an amulet of regeneration (around neck)
 p - a ring of protection from cold (right claw)
 A - a ring of wizardry (left claw)
Talismans
 c - a beast talisman
 d - a flux talisman
 e - a granite talisman
 l - a maw talisman
Wands
 B - a wand of light (13)
Scrolls
 m - 2 scrolls of revelation
 s - a scroll of teleportation
 y - a scroll of noise
 z - a scroll of immolation {unknown}
Potions
 b - 2 potions of lignification
 f - a potion of cancellation
 h - a potion of resistance
 j - a potion of attraction
 k - 2 potions of invisibility
 o - 3 potions of enlightenment
 q - a potion of haste
 t - 2 potions of curing
 u - a potion of brilliance {unknown}


   Skills:
 - Level 5.7 Fighting
 - Level 8.0 Maces & Flails
 - Level 1.5 Dodging
 - Level 3.0 Unarmed Combat
 - Level 3.0 Spellcasting
 - Level 3.0 Translocations
 * Level 5.6 Shapeshifting


You had 12 spell levels left.
You knew the following spells:

 Your Spells              Type           Power      Damage    Failure   Level
a - Lesser Beckoning      Tloc           10%        N/A       9%          2

Your spell library contained the following spells:

 Spells                   Type           Power      Damage    Failure   Level
 Magic Dart               Conj           4%         1d3       21%         1
 Gell's Gravitas          Tloc           5%         N/A       17%         3
 Teleport Other           Tloc           5%         N/A       17%         3
 Freeze                   Ice            4%         1d3       21%         1
 Summon Small Mammal      Summ           4%         N/A       21%         1
 Call Imp                 Summ           2%         N/A       28%         2
 Sublimation of Blood     Necr           1%         N/A       28%         2
 Frozen Ramparts          Ice            2%         1d1       45%         3
 Hailstorm                Conj/Ice       1%         3d5       45%         3
 Passage of Golubria      Tloc           5%         N/A       45%         4
 Metabolic Englaciation   Hex/Ice        0%         N/A       98%         5
 Silence                  Hex/Air        0%         N/A       98%         5
 Monstrous Menagerie      Summ           0%         N/A       100%        7
 Ozocubu's Refrigeration  Ice            0%         4d7       100%        7
 Summon Hydra             Summ           0%         N/A       100%        7
 Lehudib's Crystal Spear  Conj/Erth      0%         10d2      100%        8


Dungeon Overview and Level Annotations

Branches:
Dungeon (7/15)             Temple (1/1) D:4

Altars:
Cheibriados
Dithmenos
Elyvilon
Fedhas
Gozag
Hepliaklqana
Nemelex Xobeh
Okawaru
Qazlal
Ru
Sif Muna
Trog
Uskayaw
Vehumet
Wu Jian
Yredelemnul
The Shining One

Shops:
D:1 [   D:6 (


Innate Abilities, Weirdness & Mutations

You are a hulking beast.
Your limbs bulge with bestial killing power. (Slay +3)
You are too large for most types of armour.
You have claws for hands.
Your natural rate of healing is unusually fast.
You are covered in fur. (AC +1)
You have tough skin. (AC +1)
You are clumsy. (Dex -2)
Your magical capacity is low. (-10% MP)
You are robust. (+10% HP)
Your spells are a little harder to cast, but a little more powerful.


Message History

Things that are here:
a +3 flail of freezing; a +0 robe
Things that are here:
a +0 long sword; 2 stones; a +0 robe
Things that are here:
a +1 trident; a +0 robe You hear the faint creaking of a very distant portcullis.
Items here: )))) [[[[[.
Found a stone staircase leading down.
Found 6 gold pieces.
You hear the faint creaking of a distant portcullis.
A two-headed ogre comes into view.
It is wielding a +0 giant club and a +0 giant spiked club.
The two-headed ogre shouts in stereo!
You bludgeon the two-headed ogre!!
Your weapon exudes an aura of protection.
The two-headed ogre is moderately wounded.
The two-headed ogre completely misses you.
The two-headed ogre closely misses you.
You sock the two-headed ogre!
The two-headed ogre is severely wounded.
You hit the two-headed ogre but do no damage.
The two-headed ogre is severely wounded.
The two-headed ogre barely misses you. The two-headed ogre closely misses you.
You completely miss the two-headed ogre.
The two-headed ogre is severely wounded.
The two-headed ogre hits you with a +0 giant club!!
The two-headed ogre hits you with a +0 giant spiked club!!
You hit the two-headed ogre but do no damage.
The two-headed ogre is heavily wounded.
You barely miss the two-headed ogre.
The two-headed ogre is heavily wounded.
The two-headed ogre hits you with a +0 giant club!!
The two-headed ogre hits you with a +0 giant spiked club!!
* * * LOW HITPOINT WARNING * * *
You barely miss the two-headed ogre.
The two-headed ogre is heavily wounded.
You barely miss the two-headed ogre.
The two-headed ogre is heavily wounded.
The two-headed ogre hits you with a +0 giant club!!
You die...

#.### ...
#...###..
#........
#.#.##...
##.#.# $.
#....#
#..###
#..####.#
#.hO....#
#.######..
....
#.##.## #
#.. ###


You could see a two-headed ogre.

Vanquished Creatures
  Grinder (D:6)
  Prince Ribbit (D:5)
  Sigmund (D:2)
  3 yaks (D:6)
  Eustachio (D:5)
  Edmund (D:5)
  A black bear (D:6)
  4 ogres
  2 centaurs (D:6)
  A phantom (D:5)
  A bullfrog (D:7)
  A scorpion (D:5)
  A necrophage (D:5)
  8 wights
  3 bombardier beetles
  A bullfrog zombie (D:5)
  A centaur zombie (D:5)
  A human zombie (D:5)
  4 hounds
  An orc priest (D:3)
  3 iguanas
  4 jellies
  A sleepcap (D:5)
  Ijyb (D:5)
  2 orc wizards
  2 scorpion zombies (D:5)
  3 killer bee zombies (D:5)
  2 mummies (D:5)
  9 adders
  2 ufetubi (D:5)
  6 dart slugs
  2 ribbon worms
  15 orcs
  5 ball pythons
  4 bats
  9 endoplasms
  A giant cockroach (D:1)
  2 goblins (D:1)
  6 hobgoblins
  3 quokkas
  4 frilled lizards (D:1)
  6 kobolds
  9 rats
139 creatures vanquished.

Notes
Turn   | Place    | Note
-------+----------+-------------------------------------------
     0 | D:1      | Amaterasu the Troll Shapeshifter began the quest for the
                  | Orb.
     0 | D:1      | Reached XP level 1. HP: 18/18 MP: 0/0
   130 | D:1      | Found Lirghuvuy's Armour Shop.
   159 | D:1      | Reached skill level 1 in Fighting
   285 | D:1      | Reached XP level 2. HP: 27/27 MP: 1/1
   690 | D:1      | Found a faded altar of an unknown god.
   690 | D:1      | Noticed a balrug
   802 | D:2      | Reached XP level 3. HP: 27/33 MP: 2/2
   967 | D:2      | Reached skill level 1 in Maces & Flails
  1150 | D:2      | Reached XP level 4. HP: 42/42 MP: 3/3
  1150 | D:2      | Noticed Sigmund
  1170 | D:2      | Killed Sigmund
  1171 | D:2      | Reached skill level 3 in Maces & Flails
  1171 | D:2      | Reached XP level 5. HP: 29/53 MP: 4/4
  1381 | D:3      | Reached XP level 6. HP: 61/61 MP: 5/5
  1807 | D:4      | Learned a level 2 spell: Lesser Beckoning
  1832 | D:4      | Found a staircase to the Ecumenical Temple.
  1847 | Temple   | Entered the Ecumenical Temple
  2725 | D:5      | Entered Level 5 of the Dungeon
  2768 | D:5      | Reached skill level 4 in Maces & Flails
  2792 | D:5      | Reached XP level 7. HP: 58/68 MP: 6/6
  2840 | D:5      | Noticed Eustachio
  2947 | D:5      | Killed Eustachio
  2948 | D:5      | Reached skill level 1 in Translocations
  2970 | D:5      | Noticed Prince Ribbit
  2998 | D:5      | Killed Prince Ribbit
  2999 | D:5      | Reached skill level 5 in Maces & Flails
  3003 | D:5      | Got Sif Muna's Folio of the Unified Icicle
  3069 | D:5      | Noticed Edmund
  3091 | D:5      | Reached skill level 1 in Spellcasting
  3165 | D:5      | Killed Edmund
  3166 | D:5      | Reached XP level 8. HP: 37/79 MP: 8/8
  3225 | D:5      | Reached skill level 5 in Fighting
  3334 | D:5      | Found a radiant altar of Vehumet.
  3335 | D:5      | Found a hazy altar of Hepliaklqana.
  3354 | D:5      | Became a worshipper of Vehumet
  3396 | D:5      | Reached skill level 6 in Maces & Flails
  3517 | D:5      | Found a basalt altar of Yredelemnul.
  3603 | D:5      | Noticed Ijyb
  3613 | D:5      | Killed Ijyb
  4000 | D:5      | Reached skill level 7 in Maces & Flails
  4278 | D:6      | Noticed Grinder
  4285 | D:6      | Killed Grinder
  4286 | D:6      | Reached XP level 9. HP: 89/89 MP: 10/10
  4355 | D:6      | Reached * piety under Vehumet
  4355 | D:6      | Offered knowledge of Magic Dart by Vehumet.
  4407 | D:6      | Found Ciqouhiopn's Antique Weapon Boutique.
  4478 | D:6      | Reached skill level 8 in Maces & Flails
  4691 | D:6      | Gained mutation: Your spells are a little easier to cast,
                  | but a little less powerful. [potion of mutation]
  4691 | D:6      | Gained mutation: Your body sometimes deteriorates upon
                  | taking damage. [potion of mutation]
  4692 | D:6      | Lost mutation: Your spells are a little easier to cast, but
                  | a little less powerful. [potion of mutation]
  4692 | D:6      | Lost mutation: Your body sometimes deteriorates upon taking
                  | damage. [potion of mutation]
  4692 | D:6      | Gained mutation: You occasionally lose the ability to drink
                  | potions when taking damage. [potion of mutation]
  4692 | D:6      | Gained mutation: You occasionally lose the ability to read
                  | scrolls when taking damage. [potion of mutation]
  4692 | D:6      | Gained mutation: You are weak. (Str -2) [potion of
                  | mutation]
  4692 | D:6      | Gained mutation: Your spells are a little harder to cast,
                  | but a little more powerful. [potion of mutation]
  4693 | D:6      | Lost mutation: Your spells are a little harder to cast, but
                  | a little more powerful. [potion of mutation]
  4693 | D:6      | Lost mutation: You occasionally lose the ability to drink
                  | potions when taking damage. [potion of mutation]
  4693 | D:6      | Lost mutation: You occasionally lose the ability to read
                  | scrolls when taking damage. [potion of mutation]
  4693 | D:6      | Gained mutation: Your body sometimes deteriorates upon
                  | taking damage. [potion of mutation]
  4694 | D:6      | Lost mutation: Your body sometimes deteriorates upon taking
                  | damage. [potion of mutation]
  4694 | D:6      | Lost mutation: You are weak. (Str -2) [potion of mutation]
  4694 | D:6      | Gained mutation: You sometimes lose your temper in combat.
                  | [potion of mutation]
  4694 | D:6      | Gained mutation: Your muscles are strong. (Str +4, Int/Dex
                  | -1) [potion of mutation]
  4694 | D:6      | Gained mutation: Your magical capacity is low. (-10% MP)
                  | [potion of mutation]
  4694 | D:6      | Gained mutation: You are robust. (+10% HP) [potion of
                  | mutation]
  4695 | D:6      | Lost mutation: Your muscles are strong. (Str +4, Int/Dex
                  | -1) [potion of mutation]
  4695 | D:6      | Lost mutation: You sometimes lose your temper in combat.
                  | [potion of mutation]
  4695 | D:6      | Gained mutation: You are clumsy. (Dex -2) [potion of
                  | mutation]
  4695 | D:6      | Gained mutation: Your spells are a little harder to cast,
                  | but a little more powerful. [potion of mutation]
  4771 | D:7      | Reached skill level 5 in Shapeshifting
  4923 | D:7      | Noticed a two-headed ogre
  4934 | D:7      | Slain by a two-headed ogre

Illustrated notes

Levels and vault maps discovered:
D:1:      wander_arrival_peaceful_grave, layout_loops_corners, serial_shops,
          shop, dreamdust_ecumenical_altar_sealed_demon
D:2:      layout_rooms, serial_bayou_pond_d, uniq_sigmund
D:3:      layout_basic
D:4:      layout_loops_ring, minmay_temple_entry_crystal_x,
          minmay_increasing_density
D:5:      layout_cave_pods, mainiacjoe_overflow_catch_the_wave,
          lemuel_mausoleum_altar_yredelemnul,
          serial_library_hellmonk_long_bookcase,
          nicolae_concentric_dashed_squares_wild, minmay_misc_feat_x, uniq_ijyb,
          uniq_edmund, uniq_prince_ribbit1, uniq_eustachio
D:6:      layout_cave_pools, serial_shops, nicolae_lakefront_shop,
          serial_rivers, chequers_serial_rivers_small_a,
          chequers_serial_rivers_small_a, chequers_serial_rivers_micro_b,
          chequers_serial_rivers_micro_d, chequers_serial_rivers_room_b,
          chequers_serial_rivers_small_b, uniq_grinder
D:7:      layout_loops_cross, lightli_bailey_entry_fortress,
          minmay_shop_grid_forest
Temple:   nicolae_temple_superstar

Skill      XL: |  1  2  3  4  5  6  7  8  9 |
---------------+----------------------------+-----
Fighting       | 1 2 3 4 5 |  5.7
Maces & Flails | 1 3 4 5 7 8 |  8.0
Translocations | 1 2 3 |  3.0
Spellcasting   | 1 3 |  3.0
Shapeshifting  | 5 |  5.6
Dodging        | |  1.5
Unarmed Combat | |  3.0

Action                     |  1- 3 |  4- 6 |  7- 9 || total
---------------------------+-------+-------+-------++-------
  Melee: Unarmed           |    73 |    31 |       ||   104
         Whip              |       |    89 |    73 ||   162
         Punch             |       |     2 |       ||     2
         Giant club        |       |       |    10 ||    10
         Dire flail        |       |       |   190 ||   190
    Use: Scroll            |     6 |     6 |     7 ||    19
         Potion            |       |       |     6 ||     6
 Armour: Animal skin       |    37 |    55 |       ||    92
         Robe              |       |     7 |   314 ||   321
         Skin              |       |       |     2 ||     2
  Dodge: Dodged            |    32 |    40 |   180 ||   252
